 Dungeon Crawl Stone Soup version 0.27-a0-277-g024f7ef292 (webtiles) character file.

Game seed: 2989468176297814180

527881 Midn8 the Slayer (level 24, -10/212 HPs)
             Began as a Demonspawn Chaos Knight on Feb 5, 2021.
             Was a Favourite Plaything of Xom.
             Killed by divine providence
             ... invoked by a yellow draconian stormcaller
              (15 damage)
             ... on level 1 of the Realm of Zot on Feb 6, 2021.
             The game lasted 02:54:26 (55558 turns).

Midn8 the Slayer (Demonspawn Chaos Knight)         Turns: 55558, Time: 02:54:27

Health: -10/212    AC: 42    Str: 21      XL:     24   Next: 32%
Magic:  25/25      EV: 14    Int: 15 (17) God:    Xom [...*..]
Gold:   4424       SH: 30    Dex: 13      Spells: 23/23 levels left

rFire    + + +     SeeInvis .   A - +18 lance "Wyrmbane" {slay drac, rPois rF+ rC+ AC+3}
rCold    + + +     Faith    .   U - +4 kite shield {AC+3}
rNeg     . . .     Spirit   .   z - +10 plate armour {rF+}
rPois    +         Reflect  +   S - +2 hat {Will+}
rElec    .         Harm     .   o - +2 cloak
rCorr    .         Rampage  .   a - +2 pair of gloves
Will     +++..                  (boots unavailable)
Stlth    ..........             L - amulet of reflection
HPRegen  0.45/turn              h - +4 ring of evasion
MPRegen  0.19/turn              j - ring of Elitism {rPois rF+ Slay+3 Stlth+}

@: lethally poisoned (-10 -> -12)
A: claws 2, talons 3, large bone plates 3, camouflage 2, clever 1, clumsy 1,
cold resistance 2, demonic guardian 3, deterioration 1, fire resistance 1, high
mp 1, strong-willed 1, mutation resistance 1, shaggy fur 1, spiny 3, wild magic
1, flame cloud immunity
}: 3/15 runes: barnacled, abyssal, gossamer
a: Renounce Religion


You were on level 1 of the Realm of Zot.
You worshipped Xom.
You were a favourite toy of Xom.
You visited 8 branches of the dungeon, and saw 43 of its levels.
You visited the Abyss 1 time.
You also visited: Ossuary, Ice Cave and Volcano.

You collected 8283 gold pieces.
You spent 3859 gold pieces at shops.

Inventory:

Hand Weapons
 A - the +18 lance "Wyrmbane" (weapon) {slay drac, rPois rF+ rC+ AC+3}
   (You took it off a red devil on level 1 of the Depths)

   It affects your AC (+3).
   It protects you from fire.
   It protects you from cold.
   It protects you from poison.
 X - a +9 vampiric eveningstar
Missiles
 d - 49 javelins
 m - 24 silver boomerangs
 q - 83 poisoned darts
 u - 7 curare-tipped darts
 E - 24 silver javelins
 H - 14 throwing nets
 N - 5 datura-tipped darts
 O - 104 boomerangs (quivered)
 Q - 21 atropa-tipped darts
Armour
 a - a +2 pair of gloves (worn)
 o - a +2 cloak (worn)
 z - a +10 plate armour of fire resistance (worn)
 S - a +2 hat of willpower (worn)
 U - a +4 kite shield of protection (worn)
Jewellery
 h - a +4 ring of evasion (left hand)
 j - the ring of Elitism (right hand) {rPois rF+ Slay+3 Stlth+}
   (You found it on level 14 of the Dungeon)

   [ring of protection from fire]

   It affects your accuracy and damage with ranged weapons and melee attacks
   (+3).
   It protects you from fire.
   It protects you from poison.
   It makes you more stealthy.
 y - an uncursed ring of protection from fire
 L - an amulet of reflection (around neck)
Wands
 b - a wand of mindburst (52)
 s - a wand of acid (4)
 t - a wand of iceblast (38)
 G - a wand of charming (14)
 J - a wand of paralysis (43)
 P - a wand of digging (2)
Scrolls
 v - 5 scrolls of magic mapping
 x - 10 scrolls of fog
 C - 23 scrolls of teleportation
 D - 15 scrolls of identify
 I - 7 scrolls of silence
 K - 4 scrolls of summoning
 R - 4 scrolls of blinking
 T - 2 scrolls of vulnerability
 V - 2 scrolls of fear
Potions
 c - 3 potions of resistance
 e - 5 potions of magic
 f - 10 potions of haste
 i - 15 potions of ambrosia
 k - 4 potions of flight
 p - 28 potions of curing
 r - 8 potions of might
 w - a potion of invisibility
 B - 11 potions of heal wounds
 F - 8 potions of mutation
 Y - 2 potions of cancellation
 Z - 7 potions of berserk rage
Miscellaneous
 g - a phantom mirror
 l - a box of beasts
 n - a tin of tremorstones (2/2)
 M - a lightning rod (4/4)
 W - a condenser vane


   Skills:
 + Level 22.7 Fighting
 - Level 16.0 Maces & Flails
 - Level 12.0 Polearms
 - Level 16.0 Throwing
 - Level 14.0 Armour
 - Level 8.0 Dodging
 - Level 12.5 Shields
 - Level 14.0 Evocations


You had 23 spell levels left.
You didn't know any spells.
Your spell library contained the following spells:

 Spells                   Type           Power        Failure   Level
 Animate Skeleton         Necr           0%           99%         1
 Beastly Appendage        Tmut           0%           99%         1
 Corona                   Hex            0%           99%         1
 Magic Dart               Conj           0%           99%         1
 Pain                     Necr           0%           99%         1
 Shock                    Conj/Air       0%           99%         1
 Summon Small Mammal      Summ           0%           99%         1
 Blink                    Tloc           N/A          100%        2
 Call Imp                 Summ           0%           100%        2
 Ensorcelled Hibernation  Hex/Ice        0%           100%        2
 Poisonous Vapours        Pois/Air       0%           100%        2
 Slow                     Hex            0%           100%        2
 Sublimation of Blood     Necr           0%           100%        2
 Swiftness                Air            0%           100%        2
 Wereblood                Tmut           0%           100%        2
 Call Canine Familiar     Summ           0%           100%        3
 Confusing Touch          Hex            0%           100%        3
 Conjure Flame            Conj/Fire      0%           100%        3
 Dazzling Flash           Conj/Hex       0%           100%        3
 Gell's Gravitas          Tloc           0%           100%        3
 Ignite Poison            Fire/Tmut/Pois 0%           100%        3
 Mephitic Cloud           Conj/Pois/Air  0%           100%        3
 Spider Form              Tmut/Pois      0%           100%        3
 Static Discharge         Conj/Air       0%           100%        3
 Summon Guardian Golem    Hex/Summ       0%           100%        3
 Tukima's Dance           Hex            0%           100%        3
 Vampiric Draining        Necr           0%           100%        3
 Airstrike                Air            0%           100%        4
 Animate Armour           Summ/Erth      0%           100%        4
 Animate Dead             Necr           0%           100%        4
 Ice Form                 Ice/Tmut       0%           100%        4
 Leda's Liquefaction      Hex/Erth       0%           100%        4
 Petrify                  Tmut/Erth      0%           100%        4
 Summon Ice Beast         Ice/Summ       0%           100%        4
 Summon Lightning Spire   Summ/Air       0%           100%        4
 Agony                    Necr           0%           100%        5
 Alistair's Intoxication  Tmut/Pois      0%           100%        5
 Blade Hands              Tmut           0%           100%        5
 Bolt of Magma            Conj/Fire/Erth 0%           100%        5
 Irradiate                Conj/Tmut      0%           100%        5
 Lightning Bolt           Conj/Air       0%           100%        5
 Metabolic Englaciation   Hex/Ice        0%           100%        5
 Silence                  Hex/Air        0%           100%        5
 Summon Forest            Summ/Tloc      0%           100%        5
 Summon Mana Viper        Hex/Summ       0%           100%        5
 Yara's Violent Unravell  Hex/Tmut       0%           100%        5
 Conjure Ball Lightning   Conj/Air       0%           100%        6
 Eringya's Noxious Bog    Tmut/Pois      0%           100%        6
 Freezing Cloud           Conj/Ice/Air   0%           100%        6
 Hydra Form               Tmut           0%           100%        6
 Iron Shot                Conj/Erth      0%           100%        6
 Shadow Creatures         Summ           N/A          100%        6
 Statue Form              Tmut/Erth      0%           100%        6
 Dragon Form              Tmut           0%           100%        7
 Summon Hydra             Summ           0%           100%        7
 Borgnjor's Revivificati  Necr           0%           100%        8
 Infestation              Necr           0%           100%        8
 Necromutation            Tmut/Necr      0%           100%        8
 Death's Door             Necr           0%           100%        9
 Shatter                  Erth           0%           100%        9
 Tornado                  Air            0%           100%        9


Dungeon Overview and Level Annotations

Branches:
Dungeon (15/15)            Temple (0/1) D:5            Lair (6/6) D:10
 Shoals (4/4) Lair:4       Spider (4/4) Lair:4        Slime (0/5) Lair:6
    Orc (2/2) D:12            Elf (0/3) Orc:2        Vaults (5/5) D:13
  Crypt (0/3) Vaults:2     Depths (5/5) D:15            Zot (2/5) Depths:5
Ossuary (visited)           IceCv (visited)         Volcano (visited)

Altars:
Ashenzari
Elyvilon
Fedhas
Kikubaaqudgha
Makhleb
Okawaru
Qazlal
Ru
Sif Muna
Trog
Wu Jian
Xom
Yredelemnul
Beogh
Jiyva

Shops:
D:5 *?   D:7 [=   Orc:1 [   Orc:2 *(?(   Shoals:1 (   Vaults:1 [   Vaults:2 *
Vaults:4 *!   Depths:4 [(

Portals:
Hell: Depths:1 Depths:2 Depths:3 Depths:4 Depths:5
Abyss: Depths:4 Depths:5
Pandemonium: Depths:2 Depths:3
Ziggurat: Depths:3

Annotations:
D:7 1 runed translucent door, Tarl's ghost, novice MiGl
D:14 4 runed translucent doors
Lair:2 exclusion: 2 oklob plants
Spider:2 1 runed translucent door
Spider:3 Roxanne
Orc:1 1 transporter
Zot:1 exclusion: door


Innate Abilities, Weirdness & Mutations

You have claws for feet.
You are completely covered in large bone plates. (SH +8)
A powerful demonic guardian rushes to your aid.
Your flesh is heat resistant. (rF+)
You are completely covered in sharp spines.
You are immune to clouds of flame.
You have very sharp fingernails.
Your skin blends seamlessly with your surroundings (Stealth++).
Your mind is acute. (Int +2)
You are clumsy. (Dex -2)
Your flesh is very cold resistant. (rC++)
Your body sometimes deteriorates upon taking damage.
You have an increased reservoir of magic. (+10% MP)
You are strong-willed. (Will+)
You are somewhat resistant to further mutation.
You are covered in fur. (AC +1)
Your spells are a little harder to cast, but a little more powerful.


Message History

There is a stone staircase leading up, spattered with blood here.
You feel yourself speed up.
You feel sick. You block the moth of wrath's attack.
The electric golem blinks!
The storm dragon breathes lightning at you.
The bolt of lightning hits the moth of wrath!!
The bolt of lightning hits you!
* * * LOW HITPOINT WARNING * * *
Xom roars with laughter!
The bolt of lightning misses you. The moth of wrath closely misses you.
The purple draconian hits your hell beast with a +0 war axe!
Your hell beast bites the purple draconian!
Your hell beast closely misses the purple draconian.
You climb upwards.
Your summoned ally is left behind.
Level annotation: exclusion: door You feel sick.
The komodo dragon bites you but does no damage.
The yellow draconian stormcaller invokes the aid of Qazlal against you.
Qazlal smites you!
You die...
Xom snickers!

,,,,,,,,,,,,,* **,***********
*+***,,,,###.########...,,,,,,,,,
,,,,,,,,,................,,,,,,,,
,,,,,,***.........>.......,***,,,
,,,,,,*,*.........>.......,*,*,,,
,,,,,,***...###≈≈≈≈≈≈###.$,***,,,
,,,,,,,,,...#q#≈≈≈≈≈≈#q#..,,,,,,,
*,,,,,,,,...###≈≈≈≈≈≈###..,,,,,,,
*,,,***,,...≈≈≈.@....≈≈≈..,,,***,
*,,,*,*,,...≈≈≈l.y..d≈≈≈..,,,*,*,
*,,,***,,...≈≈≈......≈≈≈..,,,***,
*,,,,,,,,...###k≈≈≈≈≈###..,,,,,,,
*,,,,,,,,.k.#q#≈≈≈≈≈≈#q#?.,,,,,,,
*,,,,,***...###≈≈≈≈≈≈###..,***,,,
*,,,,,*,*..y.....d........,*,*,,,
,,,,,,***...k.............,***,,,
,,,,,,,,,,................,,,,^,,


You could see a purple draconian, a red draconian, 2 draconians, 2 draconians, a
wind drake (summoned, repels missiles), 2 moths of wrath, a komodo dragon
(summoned), a rime drake (summoned) and a swamp drake (summoned).

Vanquished Creatures
  An orb of fire (Zot:2)
  A juggernaut (Depths:5)
  Sojobo (Vaults:3)
  2 Killer Klowns (Zot:1)
  Saint Roka (Vaults:2)
  3 caustic shrikes (Depths:5)
  A Tzitzimitl (Depths:2)
  A bone dragon (Depths:5)
  An electric golem (Zot:2)
  Jorgrun (D:15)
  6 liches
  5 sphinxes
  2 death cobs (Zot:2)
  2 tentacled starspawn
  Gastronok (Lair:2)
  A draconian monk (Depths:5)
  A shadow dragon (D:13)
  4 storm dragons
  Donald (Shoals:4)
  A nagaraja (Depths:3)
  5 fire giants
  5 tengu reavers
  4 draconian knights
  An orc warlord (Vaults:2)
  An iron dragon (Zot:1)
  7 frost giants
  Aizul (Vaults:3)
  A draconian scorcher (Zot:2)
  6 ghost moths
  A draconian shifter (Zot:2)
  7 vault wardens
  Louise (D:13)
  2 balrugs
  3 emperor scorpions (Spider:4)
  An angel (Abyss:3)
  A war gargoyle (Vaults:3)
  7 ironheart preservers
  12 stone giants
  3 green draconians
  15 very ugly things
  3 ophanim
  3 caustic shrike skeletons (Depths:2)
  2 black draconians (Zot:2)
  5 reapers (Depths:2)
  An entropy weaver (Spider:3)
  4 vampire knights
  Azrael (Spider:3)
  2 purple draconians (Depths:5)
  A red draconian (Zot:2)
  A yellow draconian (Depths:5)
  6 spark wasps
  6 deep elf death magi
  3 white draconians
  A blizzard demon (Depths:2)
  10 ettins
  2 green deaths (Depths:3)
  10 fire dragons
  3 merfolk javelineers (Shoals:4)
  10 merfolk impalers
  12 great orbs of eyes
  11 ice dragons
  5 rakshasas
  16 yaktaur captains
  15 vault guards
  Harold (D:13)
  10 hydras
  5 naga warriors (Depths:3)
  12 ogre magi
  2 spriggan air magi
  6 boulder beetles
  An alligator snapping turtle (Shoals:4)
  12 centaur warriors
  2 merfolk aquamancers
  4 satyrs
  2 dancing weapons (Abyss:3)
  2 merfolk avatars
  29 two-headed ogres
  5 death yaks
  A two-headed ogre (shapeshifter) (Depths:1)
  8 deep troll earth magi
  A hell hog (Volcano)
  7 deep troll shamans
  7 tengu warriors
  A vampire mage (Depths:2)
  8 spriggan berserkers
  3 deep elf knights
  An orc high priest (Orc:2)
  A shock serpent (shapeshifter) (Depths:1)
  2 titan skeletons (Depths:2)
  2 soul eaters
  2 iron trolls (Depths:3)
  A fire crab (shapeshifter) (Vaults:1)
  A sun demon (Depths:2)
  A shadow wraith (Vaults:4)
  An unseen horror (shapeshifter) (Depths:2)
  A skeletal warrior (D:13)
  16 sea snakes
  2 flayed ghosts
  2 unseen horrors
  2 cherubim (Abyss:3)
  29 deep trolls
  3 naga ritualists (Depths:3)
  A swamp dragon (Lair:6)
  A tengu zombie (Depths:2)
  8 wizards
  A wolf spider zombie (D:10)
  7 necromancers
  A swamp dragon (shapeshifter) (Depths:5)
  6 glowing orange brains
  2 lindwurms (Lair:6)
  8 ironbrand convokers
  5 deep elf archers
  2 phantasmal warriors (D:13)
  21 harpies
  Maggie (Lair:2)
  21 orc knights
  8 orc sorcerers
  An oklob plant (D:10)
  10 orb spiders
  9 deep elf pyromancers
  An orb spider (shapeshifter) (Vaults:4)
  7 deep elf zephyrmancers
  An iron dragon zombie (Depths:2)
  A mana viper (Depths:3)
  A salamander (Depths:5)
  A sphinx zombie (Depths:2)
  2 stone giant zombies
  37 ugly things
  15 cyclopes
  2 fire giant zombies
  2 sphinx skeletons (Depths:2)
  A faun (shapeshifter) (Vaults:3)
  15 fauns
  12 manticores
  29 wolf spiders
  4 moths of wrath (Zot:2)
  A frost giant zombie (Depths:2)
  11 elephants
  A salamander (shapeshifter) (Vaults:1)
  An elephant (shapeshifter) (Volcano)
  A frost giant skeleton (Vaults:3)
  2 stone giant skeletons (Depths:2)
  A guardian serpent (Vaults:3)
  A black mamba (Lair:1)
  10 merfolk sirens
  3 human skeletons
  7 water nymphs
  An eye of devastation (shapeshifter) (D:14)
  A rust devil (Depths:2)
  A naga mage (Depths:3)
  12 vault sentinels
  A molten gargoyle (Volcano)
  7 torpor snails
  A spriggan zombie (Depths:2)
  3 orange demons (Depths:3)
  4 centaur skeletons
  12 cane toads
  2 smoke demons (Depths:1)
  2 gargoyles
  2 hellions
  46 yaktaurs
  8 komodo dragons
  4 freezing wraiths
  A komodo dragon (shapeshifter) (Depths:3)
  2 efreet (D:14)
  10 rime drakes
  A yaktaur (shapeshifter) (Vaults:1)
  7 demonic crawlers
  4 hellwings
  A kobold demonologist (D:14)
  6 tengu conjurers
  2 polar bears
  An ancient zyme (Abyss:3)
  A troll (shapeshifter) (Vaults:4)
  An ice devil (Depths:2)
  6 red devils
  A queen bee (Lair:2)
  3 tyrant leeches (Lair:6)
  9 wind drakes
  10 trolls
  12 slime creatures
  An ettin zombie (Vaults:3)
  28 merfolk
  20 jumping spiders
  11 blink frogs
  12 hornets
  A shadow dragon simulacrum (Depths:2)
  A blink frog (shapeshifter) (Vaults:2)
  2 small abominations
  2 fire giant simulacra
  A snapping turtle (shapeshifter) (Depths:2)
  7 snapping turtles
  A frost giant simulacrum (Depths:2)
  2 large abominations
  A tarantella (shapeshifter) (D:15)
  A redback (shapeshifter) (Vaults:1)
  6 shadows
  5 water elementals
  34 redbacks
  An ettin skeleton (Depths:2)
  2 spriggan skeletons (Depths:2)
  15 fire bats
  12 tarantellas
  10 wraiths
  5 wyverns
  A fire elemental (Spider:3)
  30 yaks
  8 basilisks
  A basilisk (shapeshifter) (D:14)
  2 hogs (shapeshifter) (Depths:2)
  3 human simulacra (Vaults:1)
  3 steam dragons
  2 golden eyes (shapeshifter)
  2 chaos spawn
  A steam dragon (shapeshifter) (Vaults:1)
  3 vampire mosquitoes
  13 wargs
  Duvessa (D:5)
  A soldier ant (D:15)
  8 hell hounds
  A deep troll skeleton (Vaults:3)
  6 acid dragons
  36 water moccasins
  58 orc warriors
  3 swamp drakes
  7 sky beasts
  An ettin simulacrum (Depths:2)
  24 ogres
  18 ice beasts
  4 necrophages
  11 wolves
  10 centaurs
  2 black bears
  2 eyes of draining
  19 boggarts
  A big kobold (shapeshifter) (Vaults:1)
  4 phantoms
  5 big kobolds
  19 bullfrogs
  2 glowing shapeshifter simulacra (Vaults:3)
  Dowan (D:5)
  A gnoll sergeant (D:7)
  2 wyvern zombies
  A tengu simulacrum (Depths:2)
  2 water moccasin zombies
  A wyvern skeleton (D:10)
  4 scorpions
  A troll zombie (D:12)
  38 killer bees
  8 wights
  2 howler monkeys (D:8)
  8 electric eels
  3 lava snakes (Volcano)
  11 centaur zombies
  4 crimson imps
  4 quasits
  2 bullfrog zombies
  3 human zombies
  20 hounds
  2 jellies
  33 orc priests
  4 bullfrog skeletons
  7 iguanas
  An iron imp (Depths:3)
  Jessica (D:3)
  11 hell rats
  Ijyb (D:5)
  48 orc wizards
  8 worker ants
  5 ogre zombies (D:12)
  A big kobold zombie (Ossuary)
  3 mummies (Ossuary)
  A worker ant zombie (D:10)
  A howler monkey skeleton (D:6)
  14 gnolls
  23 adders
  4 shadow imps
  2 white imps
  3 ufetubi
  5 oozes (Lair:6)
  3 adder skeletons
  5 worms
  5 leopard geckos
  77 orcs
  3 giant cockroaches
  6 goblins
  6 hobgoblins
  13 jackals
  14 kobolds
  3 quokkas (D:2)
  6 ball pythons
  7 bats
  9 frilled lizards
  A goblin skeleton (D:12)
  3 goblin zombies (D:12)
  A hobgoblin skeleton (D:12)
  3 hobgoblin zombies
  2 orc skeletons (D:12)
  11 orc zombies (D:12)
  11 rats
  2 starspawn tentacles (Abyss:3)
1896 creatures vanquished.

Vanquished Creatures (collateral kills)
  A juggernaut (Abyss:3)
  Xtahua (Vaults:3)
  A golden dragon (Depths:5)
  A bone dragon (Vaults:2)
  2 tengu reavers (Vaults:3)
  A frost giant (Depths:3)
  A reaper (Depths:2)
  A very ugly thing (Depths:3)
  A green draconian (Depths:5)
  A vampire knight (Depths:3)
  A spark wasp (Depths:4)
  A merfolk impaler (Shoals:4)
  A rakshasa (Depths:3)
  A catoblepas (D:14)
  An ogre mage (Vaults:3)
  A two-headed ogre (D:14)
  A centaur warrior (Vaults:1)
  A tengu warrior (Depths:3)
  2 deep trolls (Depths:2)
  2 harpies
  A wizard (D:13)
  An oklob plant (D:10)
  2 slime creatures (D:13)
  A faun (Shoals:2)
  2 ugly things
  A vault sentinel (Vaults:3)
  A rust devil (Depths:2)
  A naga mage (Depths:3)
  An ice statue (IceCv)
  2 cane toads
  A yaktaur (Vaults:2)
  2 freezing wraiths (Vaults:3)
  A hellwing (D:10)
  A demonic crawler (Spider:4)
  2 red devils (Depths:1)
  2 merfolk (Shoals:4)
  2 trolls
  A blink frog (Lair:6)
  A hornet (Spider:4)
  2 redbacks (Spider:3)
  A wraith (D:11)
  Grum (D:7)
  4 yaks
  3 fire elementals (Spider:3)
  2 wargs
  2 water moccasins
  A hell hound (Depths:1)
  An orc warrior (D:11)
  An ice beast (D:14)
  An ogre (Vaults:2)
  2 big kobolds
  A wyvern zombie (D:13)
  A scorpion (D:6)
  5 killer bees (Lair:2)
  2 wights (D:7)
  A crimson imp (Depths:2)
  2 centaur zombies (Ossuary)
  2 hounds
  A bullfrog zombie (D:5)
  2 orc priests (Orc:2)
  An iron imp (Depths:2)
  3 orc wizards
  2 mummies (Ossuary)
  A shadow imp (D:10)
  An adder skeleton (D:4)
  9 orcs
  A jackal (D:4)
  A ball python (D:4)
  2 hobgoblin zombies (Ossuary)
  A kobold (D:11)
109 creatures vanquished.

Vanquished Creatures (others)
  A spark wasp (Spider:4)
  A green death (Depths:3)
  A boulder beetle (D:14)
  5 dancing weapons
  A death knight (Vaults:3)
  An orc knight (Vaults:3)
  An ugly thing (Vaults:3)
  A wolf spider (Spider:4)
  A necromancer (Depths:2)
  A manticore (Shoals:4)
  A komodo dragon (Lair:6)
  2 jumping spiders (Spider:3)
  A vampire mosquito (D:14)
  An orc warrior (Orc:2)
  A sky beast (D:14)
  3 bushes
  32 fungi
  85 plants
  3 starspawn tentacles
  9 withered plants (D:10)
152 creatures vanquished.

Grand Total: 2157 creatures vanquished

Notes
Turn   | Place    | Note
-------+----------+-------------------------------------------
     0 | D:1      | Midn8 the Demonspawn Chaos Knight began the quest for the
                  | Orb.
     0 | D:1      | Reached XP level 1. HP: 18/18 MP: 1/1
    32 | D:1      | XOM: divination: detect items
   227 | D:1      | XOM: silly message
   274 | D:1      | Gained mutation: You have sharp toenails. [demonic
                  | ancestry]
   274 | D:1      | Reached XP level 2. HP: 22/24 MP: 2/2
   541 | D:1      | XOM: silly message
   818 | D:2      | XOM: silly message
   861 | D:2      | Reached XP level 3. HP: 29/29 MP: 3/3
   989 | D:2      | Found a broken altar of Ashenzari.
  1116 | D:2      | Reached XP level 4. HP: 35/35 MP: 4/4
  1269 | D:2      | XOM: summons friendly crimson imp
  1382 | D:2      | XOM: divination: detect items
  1516 | D:2      | XOM: 5-stop teleportation journey
  1557 | D:2      | Found a basalt altar of Yredelemnul.
  1801 | D:2      | Reached skill level 5 in Maces & Flails
  1899 | D:3      | Found a stormy altar of Qazlal.
  1907 | D:3      | Found an ancient bone altar of Kikubaaqudgha.
  1918 | D:3      | Found a white marble altar of Elyvilon.
  1925 | D:3      | Found a shimmering altar of Xom.
  1931 | D:3      | Found a burning altar of Makhleb.
  1938 | D:3      | Found a sacrificial altar of Ru.
  1944 | D:3      | Found an iron altar of Okawaru.
  1965 | D:3      | Noticed Jessica
  1981 | D:3      | Killed Jessica
  1982 | D:3      | Gained mutation: You are partially covered in sharp spines.
                  | [demonic ancestry]
  1982 | D:3      | Reached XP level 5. HP: 33/41 MP: 5/5
  2811 | D:4      | XOM: summons friendly ufetubus
  3183 | D:3      | Gained mutation: A weak demonic guardian rushes to your
                  | aid. [demonic ancestry]
  3183 | D:3      | Reached XP level 6. HP: 30/47 MP: 6/6
  3367 | D:4      | XOM: summons friendly ufetubus
  3796 | D:4      | XOM: god gift: 4 curare-tipped darts
  3863 | D:5      | Entered Level 5 of the Dungeon
  3939 | D:5      | Found Eotyhitz's Eclectic Emporium.
  3947 | D:5      | Found Sibost's Magic Scroll Shop.
  3964 | D:5      | Bought a scroll of fog for 22 gold pieces
  3964 | D:5      | Bought a scroll of teleportation for 33 gold pieces
  3964 | D:5      | Bought a scroll of identify for 22 gold pieces
  3964 | D:5      | Bought a scroll of identify for 22 gold pieces
  3964 | D:5      | Bought a scroll of teleportation for 33 gold pieces
  3985 | D:5      | Gained mutation: A demonic guardian rushes to your aid.
                  | [demonic ancestry]
  3985 | D:5      | Reached XP level 7. HP: 47/52 MP: 7/7
  4120 | D:5      | Noticed Ijyb
  4131 | D:5      | Killed Ijyb
  4214 | D:5      | Found a staircase to the Ecumenical Temple.
  4230 | D:5      | XOM: silly message
  4302 | D:5      | Noticed Duvessa
  4302 | D:5      | Noticed Dowan
  4331 | D:5      | Killed Duvessa
  4340 | D:5      | Killed Dowan
  4396 | D:5      | XOM: summons friendly shadow imp
  4399 | D:5      | Reached skill level 1 in Shields
  4650 | D:5      | Found a sacrificial altar of Ru.
  4659 | D:5      | XOM: silly message
  5034 | D:6      | XOM: enchant monster (good)
  5253 | D:5      | Gained mutation: You are partially covered in large bone
                  | plates. (SH +4) [demonic ancestry]
  5253 | D:5      | Reached XP level 8. HP: 52/58 MP: 8/8
  5291 | D:6      | XOM: divination: detect items
  5489 | D:6      | Found a sand-covered staircase.
  5502 | Ossuary  | Entered an ossuary
  5503 | Ossuary  | XOM: confuse monster(s)
  5523 | Ossuary  | Reached skill level 4 in Fighting
  5828 | D:5      | XOM: give mutation
  5828 | D:5      | Gained mutation: You have sharp fingernails. [Xom's grace]
  5872 | D:6      | Reached skill level 5 in Fighting
  5872 | D:6      | Reached skill level 1 in Throwing
  5896 | D:6      | XOM: summons 5 friendly demons
  6216 | D:6      | XOM: god gift: 12 gold pieces
  6365 | D:6      | Found an ornate altar of the Wu Jian Council.
  6365 | D:6      | Found a bloodstained altar of Trog.
  6386 | D:6      | Reached XP level 9. HP: 68/68 MP: 9/9
  6608 | D:7      | Found a runed translucent door.
  6702 | D:7      | Found Kememir's Jewellery Emporium.
  6753 | D:7      | XOM: enchant monster (good)
  6804 | D:7      | XOM: blink monster(s)
  6841 | D:7      | Noticed Tarl's ghost (novice MiGl)
  6856 | D:7      | Noticed Grum
  6864 | D:7      | Killed Grum
  6910 | D:6      | XOM: 3-stop teleportation journey
  7186 | D:7      | Reached skill level 10 in Maces & Flails
  7323 | D:7      | XOM: god gift: short brass wand {god gift}
  7375 | D:7      | Reached skill level 6 in Fighting
  7516 | D:7      | Found Qiduje's Antique Armour Emporium.
  7564 | D:7      | Found a shimmering blue altar of Sif Muna.
  7695 | D:8      | Reached skill level 7 in Fighting
  8162 | D:8      | XOM: god gift: scroll of teleportation
  8281 | D:8      | Noticed a two-headed ogre
  8293 | D:8      | Killed a two-headed ogre
  8294 | D:8      | Reached skill level 5 in Armour
  8294 | D:8      | Gained mutation: You have razor-sharp toenails. [demonic
                  | ancestry]
  8294 | D:8      | Reached XP level 10. HP: 78/79 MP: 10/10
  8401 | D:8      | XOM: god gift: great mace {god gift}
  8598 | D:9      | XOM: cloud trail
  8685 | D:9      | XOM: enchant monster (good)
  8800 | D:9      | Found a blossoming altar of Fedhas.
  9189 | D:10     | Entered Level 10 of the Dungeon
  9600 | D:9      | XOM: scenery: summon butterflies
  9606 | D:9      | XOM: polymorph butterfly -> glowing shapeshifter
  9648 | D:10     | XOM: confuse monster(s)
  9652 | D:10     | XOM: polymorph bullfrog -> rime drake
  9653 | D:10     | XOM: enchant monster (good)
  9688 | D:10     | XOM: silly message
  9785 | D:10     | Killed an unseen horror
  9788 | D:10     | XOM: cast spell 'Leda's Liquefaction'
  9793 | D:10     | XOM: noise
  9810 | D:10     | XOM: cast spell 'Summon Ice Beast'
  9832 | D:10     | Gained mutation: You are mostly covered in large bone
                  | plates. (SH +6) [demonic ancestry]
  9832 | D:10     | Reached XP level 11. HP: 54/86 MP: 11/11
  9882 | D:10     | Reached skill level 8 in Fighting
 10064 | D:10     | XOM: potion effect (berserk rage)
 10066 | D:10     | XOM: cast spell 'Call Canine Familiar'
 10070 | D:10     | XOM: confuse monster(s)
 10092 | D:10     | XOM: cast spell 'Summon Mana Viper'
 10104 | D:10     | Found a staircase to the Lair.
 10175 | D:10     | Noticed an oklob plant
 10185 | D:10     | XOM: 3-stop teleportation journey
 10193 | D:10     | XOM: silly message
 10194 | D:10     | XOM: confuse monster(s)
 10204 | D:10     | XOM: silly message
 10216 | D:10     | Reached skill level 9 in Fighting
 10658 | D:10     | XOM: noise
 10859 | D:10     | XOM: silly message
 10887 | D:10     | Noticed an oklob plant
 10913 | D:10     | XOM: cloud trail
 10970 | D:10     | XOM: stat loss: -1 Dex (11/12)
 11114 | D:10     | Killed an oklob plant
 11115 | D:10     | Reached skill level 10 in Fighting
 11115 | D:10     | Reached skill level 1 in Evocations
 11148 | D:10     | XOM: stat loss: -1 Str (15/16)
 11324 | D:10     | XOM: god gift: 26 gold pieces
 11426 | D:10     | Killed an oklob plant
 11508 | D:10     | XOM: cloud trail
 11632 | Lair:1   | Entered Level 1 of the Lair of Beasts
 11634 | Lair:1   | XOM: cast spell 'Metabolic Englaciation'
 11636 | D:10     | XOM: summons 4 friendly demons
 11676 | Lair:1   | Noticed a five-headed hydra
 11690 | Lair:1   | Killed a five-headed hydra
 12031 | Lair:1   | Reached skill level 5 in Evocations
 12093 | Lair:1   | XOM: divination: detect creatures
 12232 | Lair:1   | Noticed a seven-headed hydra
 12244 | Lair:1   | Killed a seven-headed hydra
 12324 | Lair:1   | XOM: 1-stop teleportation journey
 12328 | Lair:1   | XOM: summons 1 hostile shadow creature
 12337 | Lair:1   | XOM: give mutations
 12337 | Lair:1   | Gained mutation: You have a pair of small horns on your
                  | head. [Xom's grace]
 12337 | Lair:1   | Gained mutation: You possess an exceptional clarity of
                  | mind. [Xom's grace]
 12337 | Lair:1   | Gained mutation: Your muscles are strong. (Str +2) [Xom's
                  | grace]
 13001 | Lair:1   | XOM: give mutations
 13001 | Lair:1   | Gained mutation: Your skin changes colour to match your
                  | surroundings (Stealth+). [Xom's grace]
 13001 | Lair:1   | Gained mutation: You expend magic power (3 MP) to
                  | strengthen your wands. [Xom's grace]
 13020 | Lair:2   | Noticed an oklob plant
 13020 | Lair:2   | Noticed an oklob plant
 13186 | Lair:2   | XOM: scenery: 1 doors open
 13271 | Lair:2   | Noticed Gastronok
 13309 | Lair:2   | XOM: potion effect (curing)
 13313 | Lair:2   | XOM: swap monsters
 13325 | Lair:2   | XOM: scenery: 2 doors open
 13326 | Lair:2   | XOM: scenery: 2 doors close
 13329 | Lair:2   | Killed Gastronok
 13330 | Lair:2   | Reached skill level 5 in Shields
 13330 | Lair:2   | Gained mutation: You have claws for feet. [demonic
                  | ancestry]
 13330 | Lair:2   | Reached XP level 12. HP: 97/97 MP: 5/12
 13457 | Lair:2   | XOM: cast spell 'Disjunction'
 13478 | Lair:2   | XOM: summons friendly white imp
 13481 | Lair:2   | XOM: polymorph white imp -> crimson imp
 13856 | Lair:2   | XOM is BORED!
 13916 | Lair:2   | XOM: divination: detect creatures
 14423 | Lair:2   | XOM: god gift: potion of curing
 14494 | Lair:2   | Noticed Maggie
 14495 | Lair:2   | XOM: cleaving
 14504 | Lair:2   | XOM: summons friendly crimson imp
 14506 | Lair:2   | XOM: fog
 14531 | Lair:2   | XOM: scenery: 1 doors open
 14546 | Lair:2   | Killed Maggie
 14700 | Lair:2   | XOM: god gift: 1179 gold pieces
 14884 | D:6      | XOM: god gift: 21 stones
 14922 | D:5      | Bought a potion of experience for 550 gold pieces
 14922 | D:5      | Bought a scroll of enchant armour for 82 gold pieces
 14922 | D:5      | Bought a scroll of enchant weapon for 82 gold pieces
 14925 | D:5      | XOM: god gift: halberd {god gift}
 14930 | D:5      | Bought a scroll of acquirement for 572 gold pieces
 14930 | D:5      | Acquired a +0 eveningstar of protection
 14979 | D:5      | XOM: give mutations
 14979 | D:5      | Gained mutation: Your mind is acute. (Int +2) [Xom's grace]
 14979 | D:5      | Gained mutation: Your flesh is cold resistant. (rC+) [Xom's
                  | grace]
 14979 | D:5      | Gained mutation: You are somewhat resistant to further
                  | mutation. [Xom's grace]
 15122 | Lair:2   | XOM: scenery: 1 doors close
 15278 | Lair:2   | Gained mutation: You are mostly covered in sharp spines.
                  | [demonic ancestry]
 15278 | Lair:2   | Reached XP level 13. HP: 103/103 MP: 13/13
 15360 | Lair:3   | XOM: god gift: weird glowing staff {god gift}
 15648 | Lair:3   | XOM: summons 6 friendly demons
 15722 | Lair:2   | XOM: god gift: plate armour {god gift}
 15892 | Lair:3   | XOM: snakes to sticks
 16083 | Lair:3   | XOM: divination: detect creatures
 16449 | Lair:3   | XOM: god gift: fluorescent wand {god gift}
 16548 | Lair:4   | XOM: give mutations
 16548 | Lair:4   | Gained mutation: Your flesh is heat resistant. (rF+) [Xom's
                  | grace]
 16548 | Lair:4   | Lost mutation: You are somewhat resistant to further
                  | mutation. [Xom's grace]
 16548 | Lair:4   | Gained mutation: You evolve. [Xom's grace]
 16565 | Lair:4   | XOM: fog
 16617 | Lair:4   | XOM: divination: detect creatures
 16718 | Lair:4   | XOM: 1-stop teleportation journey
 16743 | Lair:4   | XOM: 8-stop teleportation journey
 16801 | Lair:4   | Found a staircase to the Shoals.
 16804 | Lair:4   | XOM: cast spell 'Call Canine Familiar'
 17066 | Lair:4   | XOM: cast spell 'Necromutation'
 17331 | Lair:4   | Reached skill level 10 in Armour
 17334 | Lair:4   | XOM: summons 6 hostile demons
 17363 | Lair:4   | Found a hole to the Spider Nest.
 17523 | Lair:4   | Gained mutation: You are completely covered in sharp
                  | spines. [demonic ancestry]
 17523 | Lair:4   | Reached XP level 14. HP: 107/110 MP: 14/14
 17543 | Lair:4   | XOM: give mutations
 17543 | Lair:4   | Lost mutation: Your mind is acute. (Int +2) [Xom's
                  | mischief]
 17543 | Lair:4   | Lost mutation: You expend magic power (3 MP) to strengthen
                  | your wands. [Xom's mischief]
 17543 | Lair:4   | Gained mutation: You can translocate small distances at
                  | will. [Xom's mischief]
 17602 | Lair:4   | XOM: blink monster(s)
 17615 | Lair:4   | XOM: polymorph water moccasin -> blink frog
 17636 | Lair:4   | Gained mutation: You are robust. (+10% HP) [evolution]
 17639 | Lair:4   | XOM: noise
 17820 | Lair:4   | XOM: summons 3 hostile demons
 18009 | Lair:5   | XOM: silly message
 18014 | Lair:5   | XOM: enchant monster (bad)
 18064 | Lair:5   | XOM: cast spell 'Summon Horrible Things'
 18334 | Lair:5   | XOM: potion effect (might)
 18402 | Lair:5   | Reached skill level 10 in Shields
 18479 | Lair:5   | Found a dark tunnel.
 18492 | Volcano  | Entered a volcano
 18583 | Volcano  | XOM: swap monsters
 18598 | Volcano  | Found a radiant altar of Vehumet.
 18616 | Volcano  | XOM: summons 4 hostile demons
 18623 | Volcano  | XOM: summons 3 hostile shadow creatures
 18624 | Volcano  | XOM: summons friendly quasit
 18630 | Volcano  | XOM: blink monster(s)
 18657 | Volcano  | XOM: swap monsters
 18691 | Volcano  | XOM: chaos cloud
 18693 | Volcano  | Paralysed by you for 3 turns
 18695 | Volcano  | XOM: polymorph fire dragon -> glowing shapeshifter
 18953 | Lair:6   | Entered Level 6 of the Lair of Beasts
 18977 | Lair:6   | Found a runed translucent door.
 18998 | Lair:6   | XOM: summons 8 hostile demons
 19087 | Lair:6   | XOM: draining
 19124 | Lair:6   | XOM: summons friendly shadow imp
 19128 | Lair:6   | XOM: summons friendly chaos spawn
 19138 | Lair:6   | XOM: 2-stop teleportation journey
 19140 | Lair:6   | Found a viscous altar of Jiyva.
 19145 | Lair:6   | Found a staircase to the Slime Pits.
 19317 | Lair:6   | XOM: swap monsters
 19325 | Lair:6   | XOM: noise
 19330 | Lair:6   | XOM: summons 2 hostile shadow creatures
 19345 | Lair:5   | Reached skill level 15 in Maces & Flails
 19463 | Lair:6   | Gained mutation: You are dopey. (Int -2) [evolution]
 19582 | Lair:6   | XOM: summons friendly iron imp
 19589 | Lair:6   | XOM: potion effect (invisibility)
 19633 | Lair:6   | XOM: 3-stop teleportation journey
 19680 | Lair:6   | XOM: enchant monster (good)
 19687 | Lair:6   | XOM: potion effect (curing)
 19702 | Lair:6   | XOM: confuse monster(s)
 19944 | Lair:6   | Found a runed translucent door.
 20071 | Lair:6   | XOM: summons 3 hostile shadow creatures
 20150 | Lair:6   | XOM: god gift: potion of might
 20170 | Lair:6   | XOM: give mutation
 20170 | Lair:6   | Lost mutation: You have a pair of small horns on your head.
                  | [Xom's mischief]
 20751 | Lair:6   | XOM: stat loss: -1 Int (11/12)
 20753 | Lair:6   | XOM: give mutations
 20753 | Lair:6   | Lost mutation: You have sharp fingernails. [Xom's mischief]
 20753 | Lair:6   | Gained mutation: You are very dopey. (Int -4) [Xom's
                  | mischief]
 21388 | Lair:6   | Reached XP level 15. HP: 113/128 MP: 13/15
 21860 | D:11     | Reached skill level 11 in Fighting
 21897 | D:11     | XOM: blink monster(s)
 21901 | D:11     | XOM: summons 1 hostile demon
 21926 | D:11     | XOM: divination: detect items
 22066 | D:11     | XOM: god gift: scroll labelled HOLOSA UJINA {god gift}
 22407 | D:12     | XOM: smoke on damage
 22421 | D:12     | XOM: god gift: 23 bolts
 22772 | D:12     | Found a staircase to the Orcish Mines.
 22899 | D:12     | XOM: summons 5 friendly demons
 22910 | D:12     | XOM: polymorph deep elf zephyrmancer -> redback
 22911 | D:12     | XOM: scenery: summon butterflies
 22913 | D:12     | XOM: fog
 22915 | D:12     | Reached skill level 12 in Fighting
 23024 | D:11     | XOM: scenery: create altars
 23046 | D:12     | XOM: scenery: create altars
 23051 | D:12     | XOM: cleaving
 23054 | D:12     | XOM: divination: detect items
 23059 | D:12     | XOM: scenery: summon butterflies
 23184 | D:12     | XOM: god gift: leather armour {god gift}
 23584 | D:12     | XOM is BORED!
 23753 | D:12     | XOM: scenery: summon butterflies
 23809 | D:12     | Found the +12 glaive of Prune {vorpal}
 23840 | D:12     | XOM: summons 2 hostile demons
 24027 | D:13     | XOM: potion effect (brilliance)
 24068 | D:13     | XOM: summons 3 friendly demons
 24102 | D:13     | XOM: summons 2 friendly demons
 24120 | D:13     | XOM: blink monster(s)
 24154 | D:13     | Reached skill level 13 in Fighting
 24160 | D:13     | XOM: 4-stop teleportation journey
 24161 | D:13     | Noticed a shadow dragon
 24184 | D:13     | Noticed Harold
 24188 | D:13     | Noticed Louise
 24189 | D:13     | XOM: cast spell 'Summon Mana Viper'
 24195 | D:13     | XOM: cast spell 'Summon Ice Beast'
 24200 | D:13     | XOM: blink monster(s)
 24206 | D:13     | Killed Harold
 24217 | D:13     | XOM: confuse monster(s)
 24229 | D:13     | Killed Louise
 24263 | D:13     | Gained mutation: You passively map a small area around you.
                  | [evolution]
 24340 | D:13     | Noticed Josephine
 24342 | D:13     | XOM: summons 6 friendly demons
 24415 | D:13     | Noticed Josephine
 24415 | D:13     | Josephine changed into Josephine the sea snake
 24415 | D:13     | XOM: polymorph Josephine -> Josephine the sea snake
 24426 | D:12     | Killed Josephine the sea snake
 24617 | D:13     | XOM: silly message
 24638 | D:13     | XOM: potion effect (invisibility)
 24639 | D:13     | XOM: summons 2 friendly demons
 24640 | D:13     | XOM: summons friendly crimson imp
 24678 | D:13     | XOM: confuse monster(s)
 24714 | D:13     | XOM: cloud trail
 24802 | D:13     | Reached skill level 14 in Fighting
 24802 | D:13     | Reached skill level 1 in Dodging
 24810 | D:13     | Found a gate to the Vaults.
 24847 | D:13     | XOM: confuse monster(s)
 24962 | D:13     | XOM: confuse monster(s)
 24973 | D:13     | XOM: confuse monster(s)
 24987 | D:13     | Found the +5 sword of Power {vorpal}
 25029 | D:13     | XOM: enchant monster (good)
 25041 | D:13     | Reached skill level 5 in Dodging
 25084 | D:13     | XOM: silly message
 25102 | D:13     | XOM: confuse monster(s)
 25112 | D:13     | Killed a shadow dragon
 25258 | D:13     | XOM: swap monsters
 25583 | D:14     | Reached XP level 16. HP: 146/146 MP: 16/16
 25615 | D:14     | XOM: smoke on damage
 25688 | D:14     | Found a runed translucent door.
 25689 | D:14     | Found a runed translucent door.
 25702 | D:14     | Found a runed translucent door.
 25706 | D:14     | XOM: scenery: 3 doors open
 25707 | D:14     | XOM: silly message
 25709 | D:14     | XOM: divination: detect creatures
 25719 | D:14     | XOM: potion effect (haste)
 25725 | D:14     | Reached skill level 5 in Throwing
 25736 | D:14     | XOM: silly message
 25737 | D:14     | XOM: silly message
 25743 | D:14     | XOM: silly message
 25745 | D:14     | XOM: silly message
 25778 | D:14     | XOM: potion effect (invisibility)
 25798 | D:14     | XOM: potion effect (haste)
 25801 | D:14     | XOM: potion effect (invisibility)
 25856 | D:14     | Found a blossoming altar of Fedhas.
 25880 | D:14     | Found a runed translucent door.
 25898 | D:14     | XOM: potion effect (invisibility)
 25936 | D:14     | Identified the amulet of Lust {Acrobat rC+ Will++ Dex-5}
                  | (You found it on level 14 of the Dungeon)
 25939 | D:14     | Identified the ring of Makhleb's Displeasure {rCorr Int+4}
                  | (You found it on level 14 of the Dungeon)
 26400 | D:14     | XOM: divination: magic mapping
 26405 | D:14     | XOM: give mutation
 26405 | D:14     | Lost mutation: You evolve. [Xom's mischief]
 26461 | D:14     | XOM: noise
 26467 | D:14     | XOM: potion effect (curing)
 26495 | D:14     | XOM: 3-stop teleportation journey
 26536 | D:14     | XOM: noise
 26540 | D:14     | XOM: cast spell 'Alistair's Intoxication'
 26812 | D:14     | Identified the ring of Elitism {rPois rF+ Slay+3 Stlth+}
                  | (You found it on level 14 of the Dungeon)
 26819 | D:14     | Identified the ring "Yxzogy" {*Corrode rC++ rN+ Dex+4} (You
                  | found it on level 14 of the Dungeon)
 26846 | D:15     | Entered Level 15 of the Dungeon
 26867 | D:15     | Upgraded the game from 0.27-a0-263-gc8dee61f84 to
                  | 0.27-a0-277-g024f7ef292
 26878 | D:15     | XOM: polymorph catoblepas -> great orb of eyes
 26886 | D:15     | Paralysed by a great orb of eyes for 3 turns
 26902 | D:15     | XOM: scenery: 1 doors open
 26911 | D:15     | XOM: summons friendly shadow imp
 26948 | D:15     | Found a frozen archway.
 26999 | IceCv    | Entered an ice cave
 27025 | IceCv    | Found a transporter.
 27043 | IceCv    | Found a transporter.
 27043 | IceCv    | XOM: cast spell 'Summon Hydra'
 27078 | D:15     | Noticed Jorgrun
 27087 | D:15     | Killed Jorgrun
 27088 | D:15     | Reached skill level 10 in Throwing
 27113 | D:15     | XOM: 4-stop teleportation journey
 27116 | D:15     | XOM: blink monster(s)
 27351 | D:15     | Found a staircase to the Depths.
 27466 | D:15     | XOM: give mutations
 27466 | D:15     | Gained mutation: You are very robust. (+20% HP) [Xom's
                  | grace]
 27466 | D:15     | Gained mutation: You are covered in fur. (AC +1) [Xom's
                  | grace]
 27466 | D:15     | Gained mutation: Your flesh is very heat resistant. (rF++)
                  | [Xom's grace]
 27717 | Orc:1    | Entered Level 1 of the Orcish Mines
 27805 | Orc:1    | XOM: enchant monster (good)
 27916 | Orc:1    | Found Kiuneall's Armour Boutique.
 28197 | Orc:1    | Found a transporter.
 28385 | Orc:1    | XOM: god gift: 8 atropa-tipped darts
 28428 | Orc:1    | XOM: give mutations
 28428 | Orc:1    | Gained mutation: You evolve. [Xom's grace]
 28428 | Orc:1    | Gained mutation: Your spells are a little harder to cast,
                  | but a little more powerful. [Xom's grace]
 28471 | Orc:1    | XOM: god gift: runed halberd {god gift}
 28501 | Orc:2    | Entered Level 2 of the Orcish Mines
 28687 | Orc:2    | XOM: god gift: 8 silver javelins
 28781 | Orc:2    | Found a staircase to the Elven Halls.
 28807 | Orc:2    | XOM: fake destruction
 28877 | Orc:2    | XOM: give mutations
 28877 | Orc:2    | Lost mutation: You passively map a small area around you.
                  | [Xom's mischief]
 28877 | Orc:2    | Lost mutation: You can translocate small distances at will.
                  | [Xom's mischief]
 28877 | Orc:2    | Lost mutation: Your flesh is very heat resistant. (rF++)
                  | [Xom's mischief]
 28932 | Orc:2    | XOM: fake destruction
 28976 | Orc:2    | Found Vifes's Weapon Boutique.
 28976 | Orc:2    | Found Haimics's General Store.
 29034 | Orc:2    | Found Asexifileo's Magic Scroll Shop.
 29079 | Orc:2    | Found Emot's Weapon Shop.
 29091 | Orc:2    | Bought a scroll of vulnerability for 97 gold pieces
 29091 | Orc:2    | Bought a scroll of teleportation for 39 gold pieces
 29091 | Orc:2    | Bought a scroll of teleportation for 39 gold pieces
 29091 | Orc:2    | Bought a scroll of teleportation for 39 gold pieces
 29095 | Orc:2    | Bought a wand of charming (3) for 60 gold pieces
 29751 | Spider:1 | Entered Level 1 of the Spider Nest
 30237 | Spider:1 | XOM: god gift: scroll of enchant weapon
 30311 | Spider:1 | Lost mutation: You are very dopey. (Int -4) [evolution]
 30476 | Spider:2 | Reached XP level 17. HP: 168/168 MP: 17/17
 30477 | Spider:2 | XOM: god gift: wand of flame (13)
 30544 | Spider:2 | XOM: polymorph wolf spider -> ice dragon
 30598 | Spider:2 | XOM: potion effect (might)
 30772 | Spider:2 | XOM: 1-stop teleportation journey
 30785 | Spider:2 | XOM: destruction
 31194 | Spider:2 | Found a runed translucent door.
 31197 | Spider:2 | XOM: god gift: scroll of noise
 31277 | Spider:3 | XOM: blink monster(s)
 31299 | Spider:3 | XOM: cast spell 'Discord'
 31301 | Spider:3 | Reached skill level 15 in Fighting
 31344 | Spider:3 | XOM: destruction
 31632 | Spider:3 | Noticed Azrael
 31643 | Spider:3 | XOM: enchant monster (good)
 31664 | Spider:3 | Killed Azrael
 31748 | Spider:3 | XOM: confuse monster(s)
 31760 | Spider:3 | XOM: summons friendly iron imp
 31850 | Spider:3 | XOM: enchant monster (good)
 31851 | Spider:3 | XOM: enchant monster (good)
 31895 | Spider:3 | XOM: give mutation
 31895 | Spider:3 | Lost mutation: You are dopey. (Int -2) [Xom's grace]
 31906 | Spider:3 | Noticed Roxanne
 31906 | Spider:3 | XOM: summons friendly soul eater
 31944 | Spider:3 | XOM: scenery: create altars
 32125 | Spider:4 | Entered Level 4 of the Spider Nest
 32152 | Spider:4 | XOM: cast spell 'Statue Form'
 32248 | Spider:4 | Reached skill level 16 in Fighting
 32338 | Spider:4 | XOM: enchant monster (good)
 32380 | Spider:4 | XOM: enchant monster (good)
 32386 | Spider:4 | XOM: cleaving
 32408 | Spider:4 | XOM: summons friendly white imp
 32421 | Spider:4 | XOM: confuse monster(s)
 32441 | Spider:4 | XOM: scenery: create altars
 32455 | Spider:4 | XOM: polymorph orb spider -> black bear
 32460 | Spider:4 | XOM: enchant monster (good)
 32477 | Spider:4 | XOM: god gift: box of beasts
 32727 | Spider:4 | Got a gossamer rune of Zot
 32731 | Spider:4 | XOM: god gift: 55 gold pieces
 32765 | Spider:4 | XOM: give mutations
 32765 | Spider:4 | Gained mutation: You can translocate small distances at
                  | will. [Xom's grace]
 32765 | Spider:4 | Gained mutation: You are covered in thick fur. (AC +2)
                  | [Xom's grace]
 32787 | Spider:4 | XOM: give mutations
 32787 | Spider:4 | Gained mutation: Your flesh is very cold resistant. (rC++)
                  | [Xom's grace]
 32787 | Spider:4 | Gained mutation: You have an increased reservoir of magic.
                  | (+10% MP) [Xom's grace]
 33190 | D:9      | Identified Xom's Tome of Limited Liability (Xom gifted it
                  | to you on level 9 of the Dungeon)
 33190 | D:9      | XOM: god gift: Xom's Tome of Limited Liability
 33290 | D:5      | Bought a manual of Evocations for 1214 gold pieces
 33301 | D:5      | XOM: 1-stop teleportation journey
 33529 | Vaults:1 | Entered Level 1 of the Vaults
 33614 | Vaults:1 | XOM: swap monsters
 33656 | Vaults:1 | XOM: summons 9 hostile demons
 33691 | Vaults:1 | XOM: summons 1 hostile demon
 33870 | Vaults:1 | XOM: chaos upgrade
 33894 | Vaults:1 | XOM: potion effect (curing)
 33930 | Vaults:1 | XOM: potion effect (experience)
 33930 | Vaults:1 | Gained mutation: A powerful demonic guardian rushes to your
                  | aid. [demonic ancestry]
 33930 | Vaults:1 | Reached XP level 18. HP: 181/181 MP: 19/19
 33934 | Vaults:1 | XOM: confuse monster(s)
 34112 | Vaults:1 | XOM: summons 4 friendly demons
 34134 | Vaults:1 | XOM: cast spell 'Statue Form'
 34271 | Vaults:1 | XOM: scenery: summon butterflies
 34296 | Vaults:1 | XOM: polymorph butterfly -> bat
 34301 | Vaults:1 | XOM: confuse monster(s)
 34364 | Vaults:1 | XOM: polymorph naga -> shapeshifter
 34375 | Vaults:1 | XOM: give mutation
 34375 | Vaults:1 | Lost mutation: Your flesh is heat resistant. (rF+) [Xom's
                  | mischief]
 34381 | Vaults:1 | XOM: silly message
 34405 | Vaults:1 | XOM: fog
 34408 | Vaults:1 | Reached XP level 19. HP: 188/188 MP: 20/20
 34441 | Vaults:1 | XOM: polymorph cyan ugly thing -> purple ugly thing
 34516 | Vaults:1 | XOM: enchant monster (good)
 34563 | Vaults:1 | XOM: enchant monster (bad)
 34681 | Vaults:1 | Found Mitot's Antique Armour Boutique.
 34706 | Vaults:1 | XOM: silly message
 34708 | Vaults:1 | XOM: noise
 34771 | Vaults:1 | XOM: summons friendly quasit
 34784 | Vaults:1 | XOM: 2-stop teleportation journey
 34820 | Vaults:1 | XOM: draining
 34871 | Vaults:1 | XOM: destruction
 34922 | Vaults:1 | XOM: polymorph vault sentinel -> cane toad
 35303 | Vaults:2 | XOM: fog
 35339 | Vaults:2 | XOM: summons 5 friendly demons
 35414 | Vaults:2 | XOM: 10-stop teleportation journey
 35501 | Vaults:2 | XOM: god gift: 381 gold pieces
 35613 | Vaults:2 | Noticed a bone dragon
 35642 | Vaults:2 | Killed a bone dragon
 35653 | Vaults:2 | XOM: smoke on damage
 35781 | Vaults:2 | Found a staircase to the Crypt.
 35899 | Vaults:2 | XOM: god gift: steaming chain mail {god gift}
 36069 | Vaults:2 | Found Netasmel's Assorted Antiques.
 36077 | Vaults:2 | Bought a papyrus book for 300 gold pieces
 36077 | Vaults:2 | Bought a potion of might for 80 gold pieces
 36334 | Vaults:2 | XOM: confuse monster(s)
 36364 | Vaults:2 | Noticed Saint Roka
 36401 | Vaults:2 | XOM: noise
 36411 | Vaults:2 | XOM: divination: detect creatures
 36416 | Vaults:2 | XOM: noise
 36424 | Vaults:2 | Killed Saint Roka
 36887 | Vaults:2 | Found a roughly hewn altar of Beogh.
 36893 | Vaults:2 | XOM: cast spell 'Alistair's Intoxication'
 37053 | Vaults:2 | XOM: enchant monster (bad)
 37055 | Vaults:2 | XOM: noise
 37096 | Vaults:3 | XOM: chaos upgrade
 37172 | Vaults:3 | XOM: 1-stop teleportation journey
 37173 | Vaults:3 | Identified the ring of Vuerchuc {Str+6 Dex+4}
 37261 | Vaults:3 | XOM: 2-stop teleportation journey
 37319 | Vaults:3 | XOM: cast spell 'Discord'
 37375 | Vaults:3 | XOM: summons friendly iron imp
 37381 | Vaults:3 | XOM: enchant monster (good)
 37383 | Vaults:3 | XOM: cleaving
 37387 | Vaults:3 | Reached XP level 20. HP: 197/198 MP: 22/22
 37560 | Vaults:3 | XOM: enchant monster (good)
 37560 | Vaults:3 | Noticed Sojobo
 37567 | Vaults:3 | XOM: scenery: 1 doors close
 37569 | Vaults:3 | XOM: enchant monster (good)
 37574 | Vaults:3 | XOM: scenery: create altars
 37586 | Vaults:3 | Killed Sojobo
 37687 | Vaults:3 | XOM: cast spell 'Summon Horrible Things'
 37694 | Vaults:3 | XOM: destruction
 37707 | Vaults:3 | XOM: divination: detect items
 37714 | Vaults:3 | Reached skill level 17 in Fighting
 37720 | Vaults:3 | XOM: summons 2 friendly demons
 37732 | Vaults:3 | XOM: 7-stop teleportation journey
 37785 | Vaults:3 | XOM: swap monsters
 37832 | Vaults:3 | XOM: divination: detect items
 37848 | Vaults:3 | XOM: enchant monster (good)
 38021 | Vaults:3 | XOM: divination: detect creatures
 38023 | Vaults:3 | XOM: divination: detect items
 38143 | Vaults:3 | XOM: summons 2 friendly demons
 38150 | Vaults:3 | XOM: confuse monster(s)
 38153 | Vaults:3 | XOM: potion effect (invisibility)
 38181 | Vaults:3 | Noticed Aizul
 38190 | Vaults:3 | Killed Aizul
 38381 | Vaults:3 | XOM: polymorph vault sentinel -> guardian serpent
 38427 | Vaults:3 | Noticed Xtahua
 38431 | Vaults:3 | Paralysed by Xtahua for 6 turns
 38447 | Vaults:3 | Killed Xtahua
 38448 | Vaults:3 | Reached skill level 18 in Fighting
 38842 | Vaults:4 | XOM: polymorph purple very ugly thing -> red very ugly
                  | thing
 38845 | Vaults:4 | XOM: confuse monster(s)
 39191 | Vaults:4 | Noticed Mennas
 39201 | Vaults:4 | Noticed Mennas
 39201 | Vaults:4 | Mennas changed into Mennas the ophan
 39201 | Vaults:4 | XOM: polymorph Mennas -> Mennas the ophan
 39209 | Vaults:4 | Killed Mennas the ophan
 39221 | Vaults:4 | XOM: give mutation
 39221 | Vaults:4 | Lost mutation: You possess an exceptional clarity of mind.
                  | [Xom's mischief]
 39426 | Vaults:4 | Found Rinamev's Assorted Antiques.
 39435 | Vaults:4 | Bought a metallic emerald potion for 27 gold pieces
 39498 | Vaults:4 | XOM: enchant monster (bad)
 39522 | Vaults:4 | XOM: give mutations
 39522 | Vaults:4 | Lost mutation: You evolve. [Xom's mischief]
 39522 | Vaults:4 | Gained mutation: Your body sometimes deteriorates upon
                  | taking damage. [Xom's mischief]
 39522 | Vaults:4 | Lost mutation: You are very robust. (+20% HP) [Xom's
                  | mischief]
 39522 | Vaults:4 | Lost mutation: Your muscles are strong. (Str +2) [Xom's
                  | mischief]
 39523 | Vaults:4 | XOM: god gift: scroll of enchant armour
 39551 | Vaults:4 | XOM: swap monsters
 39554 | Vaults:4 | XOM: cleaving
 39562 | Vaults:4 | XOM: polymorph yaktaur captain -> yaktaur captain
 39761 | Vaults:4 | Found Tujech's Distillery.
 39793 | Vaults:4 | Bought a potion of curing for 63 gold pieces
 39793 | Vaults:4 | Bought a potion of heal wounds for 105 gold pieces
 39793 | Vaults:4 | Bought a potion of haste for 210 gold pieces
 39793 | Vaults:4 | Bought a potion of berserk rage for 105 gold pieces
 39793 | Vaults:4 | Bought a potion of curing for 63 gold pieces
 39924 | Vaults:4 | XOM: give mutations
 39924 | Vaults:4 | Lost mutation: You are robust. (+10% HP) [Xom's mischief]
 39924 | Vaults:4 | Gained mutation: You are weak. (Str -2) [Xom's mischief]
 39924 | Vaults:4 | Lost mutation: Your spells are a little harder to cast, but
                  | a little more powerful. [Xom's mischief]
 39924 | Vaults:4 | Gained mutation: You have sharp fingernails. [Xom's
                  | mischief]
 39949 | Vaults:4 | XOM: noise
 40090 | Vaults:4 | XOM: 5-stop teleportation journey
 40097 | Vaults:4 | XOM: silly message
 40176 | Vaults:5 | Entered Level 5 of the Vaults
 40520 | Shoals:1 | Entered Level 1 of the Shoals
 40553 | Lair:4   | XOM: noise
 40845 | Shoals:1 | Found Taushr Ifeis's Weapon Shop.
 40891 | Shoals:1 | XOM: chaos upgrade
 40971 | Shoals:1 | Reached XP level 21. HP: 177/177 MP: 23/23
 41011 | Shoals:1 | XOM: cleaving
 41256 | Shoals:1 | XOM: give mutations
 41256 | Shoals:1 | Gained mutation: Scrolls take you a little longer to read.
                  | [Xom's mischief]
 41256 | Shoals:1 | Gained mutation: Scrolls take you longer to read. [Xom's
                  | mischief]
 41256 | Shoals:1 | Lost mutation: You can translocate small distances at will.
                  | [Xom's mischief]
 41256 | Shoals:1 | Gained mutation: You are clumsy. (Dex -2) [Xom's mischief]
 41607 | Shoals:2 | XOM: polymorph satyr -> spark wasp
 41626 | Shoals:2 | XOM: summons 2 friendly demons
 41687 | Shoals:2 | XOM: blink monster(s)
 41824 | Shoals:2 | XOM: noise
 42102 | Shoals:2 | XOM: give mutations
 42102 | Shoals:2 | Lost mutation: Scrolls take you longer to read. [Xom's
                  | mischief]
 42102 | Shoals:2 | Lost mutation: You are weak. (Str -2) [Xom's mischief]
 42242 | Shoals:2 | XOM: noise
 42373 | Shoals:2 | XOM: silly message
 42676 | Shoals:3 | XOM: blink monster(s)
 42680 | Shoals:3 | XOM: scenery: summon butterflies
 42681 | Shoals:3 | XOM: polymorph butterfly -> killer bee
 43108 | Shoals:3 | XOM: god gift: falchion {god gift}
 43302 | Shoals:4 | Entered Level 4 of the Shoals
 43348 | Shoals:4 | XOM: confuse monster(s)
 43507 | Shoals:4 | Noticed Donald
 43512 | Shoals:4 | XOM: scenery: summon butterflies
 43515 | Shoals:4 | XOM: divination: magic mapping
 43523 | Shoals:4 | Killed Donald
 43693 | Shoals:4 | XOM: destruction
 43757 | Shoals:4 | Got a barnacled rune of Zot
 43846 | Shoals:4 | XOM: scenery: summon butterflies
 43858 | Shoals:4 | XOM: cleaving
 43870 | Shoals:4 | XOM: polymorph lorocyproca -> blizzard demon
 44294 | Shoals:4 | XOM: give mutations
 44294 | Shoals:4 | Gained mutation: Your mind is acute. (Int +2) [Xom's grace]
 44294 | Shoals:4 | Gained mutation: You are strong-willed. (Will+) [Xom's
                  | grace]
 44294 | Shoals:4 | Gained mutation: You expend magic power (3 MP) to
                  | strengthen your wands. [Xom's grace]
 44859 | Depths:1 | Entered Level 1 of the Depths
 45021 | Depths:1 | Reached skill level 19 in Fighting
 45183 | Depths:1 | XOM: 1-stop teleportation journey
 45210 | Depths:1 | XOM: scenery: create altars
 45347 | Depths:1 | XOM: summons friendly ufetubus
 45380 | Depths:1 | XOM: noise
 45488 | Depths:1 | XOM: divination: detect items
 45590 | Depths:1 | XOM: 2-stop teleportation journey
 45725 | Depths:1 | XOM: divination: detect items
 45861 | Depths:1 | XOM: potion effect (haste)
 45946 | Depths:1 | XOM: noise
 46119 | Depths:1 | Found a gateway to Hell.
 46138 | Depths:1 | XOM: 2-stop teleportation journey
 46176 | Depths:1 | XOM: give mutations
 46176 | Depths:1 | Lost mutation: You expend magic power (3 MP) to strengthen
                  | your wands. [Xom's mischief]
 46320 | Depths:2 | Reached skill level 20 in Fighting
 46320 | Depths:2 | Gained mutation: Your flesh is heat resistant. (rF+)
                  | [demonic ancestry]
 46320 | Depths:2 | Reached XP level 22. HP: 190/190 MP: 24/24
 46324 | Depths:2 | Reached skill level 1 in Polearms
 46448 | Depths:2 | XOM: give mutations
 46448 | Depths:2 | Gained mutation: You evolve. [Xom's grace]
 46448 | Depths:2 | Gained mutation: Your spells are a little harder to cast,
                  | but a little more powerful. [Xom's grace]
 46448 | Depths:2 | Gained mutation: You are completely covered in large bone
                  | plates. (SH +8) [Xom's grace]
 46448 | Depths:2 | Lost mutation: You evolve. [Xom's grace]
 46448 | Depths:2 | Gained mutation: You are somewhat resistant to further
                  | mutation. [Xom's grace]
 46659 | Depths:2 | XOM: 1-stop teleportation journey
 46818 | Depths:2 | XOM: scenery: create altars
 46853 | Depths:2 | XOM: potion effect (haste)
 46855 | Depths:2 | Reached skill level 5 in Polearms
 46911 | Depths:2 | XOM: destruction
 46924 | Depths:2 | Found a one-way gate leading to the halls of Pandemonium.
 46932 | Depths:2 | XOM: cast spell 'Death Channel'
 47681 | Depths:2 | Found an ancient bone altar of Kikubaaqudgha.
 47920 | Depths:2 | XOM: potion effect (brilliance)
 47979 | Depths:2 | XOM: noise
 48211 | Depths:2 | XOM: chaos upgrade
 48697 | Depths:2 | XOM: noise
 48707 | Depths:2 | XOM: summons 2 friendly demons
 48885 | Depths:2 | XOM: god gift: 27 stones
 49678 | Depths:3 | XOM: divination: detect items
 49695 | Depths:3 | XOM: divination: magic mapping
 49699 | Depths:3 | Reached skill level 10 in Polearms
 49708 | Depths:3 | XOM: potion effect (heal wounds)
 49741 | Depths:3 | XOM: snakes to sticks
 50055 | Depths:3 | XOM: summons 6 friendly demons
 50274 | Depths:3 | Found a gateway to a ziggurat.
 50365 | Depths:3 | XOM: cleaving
 50514 | Depths:3 | XOM: fog
 50524 | Depths:3 | XOM: confuse monster(s)
 50665 | Depths:3 | XOM: god gift: scroll of noise
 50715 | Depths:3 | XOM: divination: magic mapping
 50752 | Depths:3 | XOM: give mutations
 50752 | Depths:3 | Gained mutation: You have very sharp fingernails. [Xom's
                  | grace]
 50752 | Depths:3 | Gained mutation: Your skin blends seamlessly with your
                  | surroundings (Stealth++). [Xom's grace]
 50809 | Depths:4 | Mutation became permanent: You are mostly covered in large
                  | bone plates. (SH +6) [demonic ancestry]
 50809 | Depths:4 | Gained mutation: You are completely covered in large bone
                  | plates. (SH +8) [demonic ancestry]
 50809 | Depths:4 | Reached XP level 23. HP: 196/196 MP: 25/25
 50889 | Depths:4 | Found Ysefer's Antique Weapon Boutique.
 50894 | Depths:4 | Found Seamn's Armour Shop.
 51140 | Depths:4 | XOM: enchant monster (good)
 51150 | Depths:4 | XOM: god gift: shortbow {god gift}
 51293 | Depths:4 | XOM: give mutation
 51293 | Depths:4 | Gained mutation: You are robust. (+10% HP) [Xom's grace]
 51335 | Depths:4 | XOM: cloud trail
 51479 | Depths:4 | Found a one-way gate to the infinite horrors of the Abyss.
 51801 | Depths:4 | XOM: cast spell 'Monstrous Menagerie'
 51810 | Depths:4 | XOM: cleaving
 51876 | Depths:4 | XOM: chaos upgrade
 51900 | Depths:4 | XOM: potion effect (curing)
 51902 | Depths:4 | XOM: potion effect (brilliance)
 51912 | Depths:4 | Reached skill level 21 in Fighting
 52185 | Depths:5 | Entered Level 5 of the Depths
 52512 | Depths:5 | Found a gate to the Realm of Zot.
 52516 | Depths:5 | XOM: divination: magic mapping
 53006 | Depths:4 | XOM: divination: detect creatures
 53141 | Depths:5 | XOM: enchant monster (bad)
 53235 | Depths:5 | XOM: confuse monster(s)
 53282 | Depths:5 | Noticed a juggernaut
 53284 | Depths:5 | Reached skill level 22 in Fighting
 53299 | Depths:5 | Killed a juggernaut
 53402 | Depths:5 | XOM: noise
 53404 | Depths:5 | XOM: silly message
 53579 | Depths:5 | XOM: 2-stop teleportation journey
 53580 | Depths:5 | Noticed a caustic shrike
 53580 | Depths:5 | Noticed a caustic shrike
 53630 | Depths:5 | Noticed a caustic shrike
 53636 | Depths:5 | XOM: divination: detect items
 53638 | Depths:5 | Killed a caustic shrike
 53644 | Depths:5 | Killed a caustic shrike
 53707 | Depths:5 | XOM: summons 5 friendly demons
 53716 | Depths:5 | Killed a caustic shrike
 53717 | Depths:5 | Reached skill level 15 in Throwing
 53774 | Depths:5 | XOM: god gift: scroll of silence
 53985 | Depths:5 | XOM: god gift: ring of strength {god gift}
 53992 | Depths:5 | Voluntarily entered the Abyss.
 54232 | Abyss:3  | XOM: polymorph fire bat -> rime drake
 54269 | Abyss:3  | Found a glowing golden altar of the Shining One.
 54277 | Abyss:3  | XOM: cleaving
 54319 | Abyss:3  | Noticed a juggernaut
 54327 | Abyss:3  | Killed a juggernaut
 54331 | Abyss:3  | Got an abyssal rune of Zot
 54335 | Depths:5 | Escaped the Abyss
 54419 | Zot:1    | Entered Level 1 of the Realm of Zot
 54450 | Zot:1    | XOM: give mutations
 54450 | Zot:1    | Lost mutation: You are covered in thick fur. (AC +2) [Xom's
                  | mischief]
 54450 | Zot:1    | Lost mutation: Scrolls take you a little longer to read.
                  | [Xom's mischief]
 54450 | Zot:1    | Lost mutation: You are robust. (+10% HP) [Xom's mischief]
 54555 | Zot:1    | Noticed a Killer Klown
 54570 | Zot:1    | Gained mutation: You are immune to clouds of flame.
                  | [demonic ancestry]
 54570 | Zot:1    | Reached XP level 24. HP: 210/210 MP: 25/25
 54596 | Zot:1    | Killed a Killer Klown
 54817 | Zot:1    | Noticed a Killer Klown
 54822 | Zot:1    | XOM: chaos upgrade
 54827 | Zot:1    | XOM: blink monster(s)
 54837 | Zot:1    | Killed a Killer Klown
 54838 | Zot:1    | You fall into a shaft and drop 1 floor!
 54909 | Zot:2    | XOM: summons 5 hostile demons
 55074 | Zot:2    | XOM: enchant monster (bad)
 55181 | Zot:2    | XOM: draining
 55339 | Zot:1    | Noticed an orb of fire
 55425 | Zot:1    | XOM: confusion
 55546 | Zot:2    | Killed an orb of fire
 55552 | Zot:1    | XOM: repel stairs
 55557 | Zot:2    | HP: 6/212 [storm dragon/bolt of lightning (15)]
 55558 | Zot:1    | Killed from afar by a yellow draconian stormcaller

Illustrated notes

Levels and vault maps discovered:
D:1:      minmay_arrival_semitransparent, layout_loops_cross,
          grunt_decor_mini_mirrors
D:2:      layout_basic, ashenzari_conservatory_becter, yredelemnul_altar_generic
D:3:      layout_basic, grunt_temple_overflow_octagram, minivault_25,
          uniq_jessica
D:4:      layout_cave_pools, portal_sewer_entry_e
D:5:      layout_basic, minmay_temple_entry_antechambers, serial_shops, shop,
          nicolae_alphabet_shops, nicolae_ru_awakened_eye, uniq_ijyb,
          uniq_duvessa
D:6:      layout_rooms, nicolae_overflow_hidden_temple,
          chequers_temple_overflow_statue_of_worship, enter_ossuary_3,
          kennysheep_doodads
D:7:      layout_cave_pools, led_sif_book, serial_gnoll_camp,
          gnoll_camp_mini_shop, gnoll_camp_mini_house, gnoll_camp_mini_shop,
          gnoll_camp_mini_doghouse, grums_kennel, ebering_ghost_inner_flame,
          minmay_circle_x
D:8:      layout_loops_cross
D:9:      layout_cave_pods, lemuel_crystal_altar
D:10:     cheibrodos_grave_circle, layout_small_grid, dpeg_oklobed_lair,
          lightli_minifort
D:11:     layout_big_octagon, hangedman_decor_opposing, kennysheep_small_spiral,
          kennysheep_minor_cross, st_stairs_13
D:12:     layout_basic, zombieorc1_lemuel, minmay_guarded_unrand_prune
D:13:     minmay_guarded_unrand_sword_of_power, layout_stronghold,
          hangedman_vaults_entry_quadrant_bands, sword_in_stone, uniq_josephine
D:14:     minmay_the_grid_triangle_9x9_rhombus_full_mashed
          [minmay_the_grid_triangle_9x9_checkered,
          minmay_the_grid_triangle_9x9_fully_insulated_deathbox,
          minmay_the_grid_triangle_9x9_corruption,
          minmay_the_grid_triangle_9x9_shrine,
          minmay_the_grid_triangle_9x9_from_above,
          minmay_the_grid_triangle_9x9_stretched_checkered,
          minmay_the_grid_triangle_9x9_subtriangle,
          minmay_the_grid_triangle_9x9_prize_special], layout_basic,
          grunt_decor_one_mirror, minmay_fractal_squares_5
D:15:     grunt_enter_depths_snipers, layout_gridville,
          portal_ice_cave_entry_ice_beasts, uniq_jorgrun, uniq_louise
Lair:1:   layout_gridlike
Lair:2:   layout_roguey, special_room [special_room_bee], minivault_25,
          nicolae_lair_grove_arrangements, grunt_megastairs_3,
          minmay_lair_oklob_chamber, serial_bayou_shore_a, uniq_gastronok,
          uniq_maggie
Lair:3:   layout_small_grid, serial_bayou_shore_b
Lair:4:   lemuel_reptile_caves, layout_loops_ring, minmay_shoals_entry_beasts,
          spider_nest_entry_funnel_web, serial_bayou_shore_b
Lair:5:   layout_misc_corridors, nicolae_volcano_entry_batcave,
          serial_bayou_shore_b, grunt_megastairs_5
Lair:6:   wormcave, layout_regular_city, guppyfry_lair_end_dragon, slime_altar_2
Shoals:1: layout_shoals, serial_shops, nicolae_shop_stone
Shoals:2: layout_shoals, nzn_prometheus_bound
Shoals:3: layout_shoals
Shoals:4: shoals_end_grunt_ice, layout_shoals, uniq_donald
Spider:1: layout_spider_delve
Spider:2: cheibrodos_spider_deadly_dance
Spider:3: layout_spider_delve, guppyfry_spider_mini_3, uniq_roxanne, uniq_azrael
Spider:4: grunt_spider_rune_island
Orc:1:    emtedronai_trogs_sanctum, layout_caves, serial_shops, shop
Orc:2:    st_orc_mages, layout_diamond_mine
Vaults:1: v_pattern_5, ontoclasm_vaults_loading_screen, nicolae_vaults_alarming,
          st_octagons_2, hangedman_vaults_stitches, vaults_dpeg_diagonal,
          v_alt_pattern_6, nicolae_vaults_little_ls, nicolae_vaults_big_ls,
          hangedman_vaults_maws, nicolae_vaults_asterisk, layout_vaults_ring,
          serial_shops, nicolae_shop_behind_doors
Vaults:2: nicolae_vaults_yaktaur_gun_rack, vaults_standard_mumra_lines,
          v_rooms_5, ontoclasm_vaults_idyll, minmay_crypt_entry_nasty_monster,
          vaults_dpeg_ring, vaults_room_grid, hangedman_vaults_nails,
          ontoclasm_vaults_decontamination, hangedman_vaults_nails,
          ontoclasm_vaults_fault, special_room_vaults [special_room_orc],
          layout_vaults_quadrants, serial_shops, shop, uniq_saint_roka
Vaults:3: v_misc_19, st_check, hangedman_vaults_capsules,
          hangedman_vaults_cutoff, ontoclasm_vaults_ring_large,
          nicolae_vaults_little_squares_3, hangedman_vaults_nodes,
          hangedman_vaults_impose, v_rooms_3, hangedman_vaults_restitches,
          v_misc_2, vaults_dpeg_doors, v_misc_19, vaults_room_stairs_pillars,
          layout_vaults_omnibox, uniq_xtahua, uniq_sojobo, uniq_aizul
Vaults:4: ontoclasm_vaults_ligature, st_more_cells, hangedman_vaults_restitches,
          ontoclasm_vaults_eye, hangedman_vaults_locks, vaults_room_octagon,
          v_misc_11, ontoclasm_vaults_twist, grunt_vaults_twisty,
          nicolae_vaults_rhombus_6, v_pattern_1, layout_vaults_big_room,
          serial_shops, shop, nicolae_shop_waterfront, uniq_mennas
Vaults:5
Depths:1: layout_basic, hellmouth_2, serial_sigils_hangedman_quiver,
          hangedman_decor_riveting, minmay_misc_feat_room,
          minmay_misc_feat_hallway, kennysheep_pointless_box,
          kennysheep_big_empty_room, minivault_10, minmay_hedge_maze,
          st_stairs_1, minmay_misc_feat_plants, kennysheep_generic_room_4
Depths:2: evilmike_negative_zone, layout_long_grid, grunt_pan_entry_zigzag,
          hell_entry, serial_sigils, serial_sigils_hangedman_clutch,
          serial_sigils_hangedman_leer, serial_sigils_hangedman_gnaw,
          serial_sigils_hangedman_stare, serial_sigils_hangedman_shear,
          serial_sigils_hangedman_gut, serial_bayou_shore_b
Depths:3: cheibrodos_poisonous_passages, layout_cave_pools, enter_ziggurat_c,
          grunt_hell_entry_dis_grunt, rand_demon_pan_entry_9, hangedman_aviary
Depths:4: minmay_box_of_statues, layout_basic, hangedman_geh_valley,
          abyss_entry, roderic_lattice_a, infiniplex_staircase_zigzag_1,
          firewood_loft, minmay_shoptagon, serial_bayou_shore_b,
          serial_bayou_shore_b
Depths:5: grunt_x_marks_the_spot, layout_honeycomb, abyss_entry, hellmouth_1
Zot:1:    lemuel_draconian_sentries, layout_gridville, hangedman_player_shredder
Zot:2:    layout_gridlike, zot_minivault_6

Skill      XL: |  1  2  3  4  5  6  7  8  9 10 11 12 13 14 15 16 17 18 19 20 21 22 23 24 |
---------------+-------------------------------------------------------------------------+-----
Maces & Flails | 3 4 5 6 7 8 10 12 14 16 | 16.0
Shields        | 4 5 7 10 12 | 12.5
Fighting       | 5 7 10 14 16 18 20 22 | 22.7
Throwing       | 4 10 12 14 15 16 | 16.0
Armour         | 5 7 10 12 14 | 14.0
Evocations     | 5 8 11 13 14 | 14.0
Dodging        | 6 8 |  8.0
Polearms       | 12 | 12.0

Action                   |  1- 3 |  4- 6 |  7- 9 | 10-12 | 13-15 | 16-18 | 19-21 | 22-24 || total
-------------------------+-------+-------+-------+-------+-------+-------+-------+-------++-------
Melee: Mace              |    92 |    64 |       |       |       |       |       |       ||   156
       Kick              |     9 |    38 |    94 |   145 |   456 |   437 |   725 |   447 ||  2351
       Whip              |       |    62 |       |       |       |       |       |       ||    62
       Flail             |       |    49 |   350 |   455 |       |       |       |       ||   854
       Headbutt          |       |       |       |    37 |   159 |       |       |       ||   196
       Morningstar       |       |       |       |    35 |       |       |       |       ||    35
       Eveningstar       |       |       |       |     4 |  1400 |  1203 |  1789 |   829 ||  5225
       Lance             |       |       |       |       |       |       |    21 |   487 ||   508
Throw: Dart              |       |     3 |    20 |    22 |    15 |    31 |    13 |     2 ||   106
       Boomerang         |       |       |       |    11 |       |       |   104 |   120 ||   235
       Stone             |       |       |       |     4 |       |    24 |   149 |       ||   177
       Javelin           |       |       |       |       |       |       |     1 |     8 ||     9
 Abil: Blink             |       |       |       |       |     1 |       |       |       ||     1
Evoke: Wand              |       |       |     5 |    37 |     2 |     6 |       |     1 ||    51
       Lightning rod     |       |       |       |       |     2 |     3 |    11 |     4 ||    20
       Condenser vane    |       |       |       |       |       |       |       |     2 ||     2
  Use: Scroll            |       |    17 |     6 |     8 |    12 |    11 |    10 |     7 ||    71
       Potion            |       |     1 |       |     1 |       |       |     1 |       ||     3
 Stab: Confused          |     1 |       |     1 |       |     8 |     3 |     1 |     1 ||    15
       Sleeping          |       |     1 |       |       |       |       |       |       ||     1
       Paralysed         |       |       |       |     4 |    10 |     2 |       |       ||    16
       Distracted        |       |       |       |       |     2 |       |     1 |     1 ||     4
       Invisible         |       |       |       |       |     7 |    12 |     1 |       ||    20
       Petrified         |       |       |       |       |       |     3 |       |     2 ||     5
       Betrayed ally     |       |       |       |       |       |       |     1 |       ||     1
Armor: Chain mail        |    83 |    89 |   138 |   208 |   150 |       |       |       ||   668
       Plate armour      |       |       |       |       |   284 |   473 |   430 |   319 ||  1506
       Skin              |       |       |       |       |       |     5 |       |       ||     5
Dodge: Dodged            |    33 |    38 |   122 |   115 |   280 |   256 |   370 |   239 ||  1453
Block: Buckler           |     7 |    18 |   115 |     3 |       |       |       |       ||   143
       Tower shield      |       |       |       |   559 |    30 |       |       |       ||   589
       Other             |       |       |       |     1 |       |       |       |       ||     1
       Kite shield       |       |       |       |       |  1027 |  1198 |  1807 |  1050 ||  5082
       Reflection        |       |       |       |       |       |    48 |   135 |    56 ||   239

Table legend: (Time is in decaauts)
 A = Elapsed time spent in this place.
 B = Non-inter-level travel time spent in this place.
 C = Inter-level travel time spent in this place.
 D = Time resting spent in this place.
 E = Time spent auto-exploring this place.
 F = Levels seen in this place.
 G = Mean time per level.
                   A        B        C        D        E       F      G
               +--------+--------+--------+--------+--------+-----+--------+
         Total |  55050 |  51209 |   3841 |  12473 |  25131 |  49 | 1123.5 |
       Dungeon |  18352 |  16476 |   1876 |   4401 |   8225 |  15 | 1223.5 |
          Lair |  10185 |   9285 |    900 |   2935 |   4226 |   6 | 1697.5 |
        Shoals |   4164 |   4008 |    156 |    457 |   2310 |   4 | 1041.0 |
   Spider Nest |   3282 |   3050 |    232 |    246 |   2016 |   4 |  820.5 |
  Orcish Mines |   1785 |   1699 |     86 |    220 |   1059 |   2 |  892.5 |
        Vaults |   6476 |   6215 |    261 |    849 |   3423 |   5 | 1295.2 |
        Depths |   8818 |   8490 |    328 |   2387 |   3850 |   5 | 1763.6 |
           Zot |   1080 |   1080 |      0 |    805 |      6 |   2 |  540.0 |
         Abyss |    315 |    315 |      0 |      0 |      0 |   3 |  105.0 |
       Ossuary |    216 |    216 |      0 |    104 |      0 |   1 |  216.0 |
      Ice Cave |     59 |     59 |      0 |      0 |      0 |   1 |   59.0 |
       Volcano |    314 |    314 |      0 |     67 |     13 |   1 |  314.0 |
               +--------+--------+--------+--------+--------+-----+--------+

Top non-repeatable levels by time:
Depths:2: 2746 daAuts
  Lair:6: 2615 daAuts
    D:10: 2286 daAuts
  Lair:2: 2238 daAuts
     D:5: 2013 daAuts
Vaults:2: 1794 daAuts
  Lair:4: 1758 daAuts
Vaults:1: 1684 daAuts
  Lair:1: 1675 daAuts
Depths:5: 1667 daAuts
Vaults:3: 1644 daAuts
    D:12: 1596 daAuts
    D:13: 1579 daAuts
Depths:3: 1554 daAuts
Depths:4: 1473 daAuts
